 Dungeon Crawl Stone Soup version 0.22.1-1-ga44c0e5 (webtiles) character file.

15243 empire the Carver (level 11, -2/100 HPs)
             Began as a Minotaur Fighter on Oct 25, 2018.
             Was an Elder of Cheibriados.
             Slain by Rupert
             ... wielding a +0 great sword of holy wrath
              (20 damage)
             ... on level 12 of the Dungeon.
             The game lasted 00:27:00 (11112 turns).

empire the Carver (Minotaur Fighter)               Turns: 11112, Time: 00:27:00

Health: -2/100     AC: 20    Str: 32    XL:     11   Next: 99%
Magic:  10/10      EV: 16    Int: 14    God:    Cheibriados [****..]
Gold:   214        SH: 14    Dex: 25    Spells: 10/10 levels left

rFire    . . .     SeeInvis .   a - +2 scimitar (flame)
rCold    . . .     Gourm    .   c - +0 shield
rNeg     . . .     Faith    .   M - +0 chain mail
rPois    .         Spirit   .   P - +2 hat
rElec    .         Reflect  .   B - +0 cloak
rCorr    .         Harm     .   l - +2 pair of gloves
MR       +....                  Q - +0 pair of boots
Stlth    ..........             x - amulet of regeneration
HPRegen  0.66/turn              X - +5 ring of dexterity (curse)
MPRegen  0.12/turn              Z - ring of protection from magic

@: very slow
A: retaliatory headbutt, horns 2
a: Bend Time, Temporal Distortion, Slouch, Renounce Religion


You were on level 12 of the Dungeon.
You worshipped Cheibriados.
Cheibriados was greatly pleased with you.
You were not hungry.

You visited 2 branches of the dungeon, and saw 13 of its levels.
You also visited: Sewer.

You collected 705 gold pieces.
You spent 491 gold pieces at shops.

Inventory:

Hand Weapons
 a - a +2 scimitar of flaming (weapon)
 b - a +2 spear of freezing
 d - a +4 dagger of chaos
 C - a +1 lajatang of protection
 E - a +0 mace of protection
 F - a +2 battleaxe of freezing
Armour
 c - a +0 shield (worn)
 e - a +0 plate armour
 h - a +0 troll leather armour
 l - a +2 pair of gloves (worn)
 y - the cursed +0 ring mail of Weightlessness {-Cast MR+ Int+2 Slay+2, unknown}
   (You found it on level 11 of the Dungeon)

   It affects your intelligence (+2).
   It affects your accuracy and damage with ranged weapons and melee attacks
   (+2).
   It affects your resistance to hostile enchantments.
   It prevents spellcasting.
   It has a curse placed upon it.
 B - a +0 cloak (worn)
 M - a +0 chain mail (worn)
 P - a +2 hat (worn)
 Q - a +0 pair of boots (worn)
Jewellery
 i - an uncursed ring of poison resistance {unknown}
 v - the amulet of Pyromania {rN+ MR- Regen+ Int+4, unknown}
   (You found it on level 11 of the Dungeon)

   [amulet of regeneration]

   It affects your intelligence (+4).
   It protects you from negative energy.
   It affects your resistance to hostile enchantments.
   It increases your rate of regeneration.
 w - the brooch of Shielding {Reflect SH+8}
   (You found it on level 11 of the Dungeon)

   [amulet of reflection]

   It shields you and reflects attacks.
   It affects your SH (+8).
 x - an amulet of regeneration (around neck)
 X - a cursed +5 ring of dexterity (left hand)
 Z - a ring of protection from magic (right hand)
Wands
 I - a wand of disintegration (37)
 T - a wand of digging (10)
Scrolls
 g - a scroll of brand weapon {unknown}
 j - 4 scrolls of immolation
 k - 4 scrolls of teleportation
 o - a scroll of fear
 s - 2 scrolls of noise
 t - a scroll of fog
 z - 3 scrolls of remove curse
 H - a scroll of magic mapping
 K - 2 scrolls of enchant armour {unknown}
 N - a scroll of summoning {unknown}
 O - 2 scrolls of blinking {unknown}
Potions
 m - a potion of magic
 n - 2 potions of agility {unknown}
 p - a potion of mutation
 q - a potion of cancellation
 r - 2 potions of curing
 u - 2 potions of flight
 G - 3 potions of might
Miscellaneous
 A - a crystal ball of energy
Comestibles
 f - 16 rations
 D - 29 chunks of flesh


   Skills:
 + Level 10.2 Fighting
 * Level 11.2 Long Blades
 - Level 8.2 Polearms
 + Level 10.4 Armour
 + Level 8.2 Dodging
 + Level 10.3 Shields


You had 10 spell levels left.
You didn't know any spells.
Your spell library contained the following spells:

 Spells                   Type           Power        Failure   Level  Hunger
 Confusing Touch          Hex            #.....       88%         1    ##.....
 Corona                   Hex            #......      88%         1    ##.....
 Sting                    Conj/Pois      #...         88%         1    ##.....
 Summon Butterflies       Summ           #.......     88%         1    ##.....
 Summon Small Mammal      Summ           #...         88%         1    ##.....
 Ensorcelled Hibernation  Hex/Ice        #.....       96%         2    ###....
 Poisonous Vapours        Pois/Air       #.....       96%         2    ###....
 Call Canine Familiar     Summ           #.......     99%         3    ####...
 Confuse                  Hex            #.......     99%         3    ####...
 Dazzling Spray           Conj/Hex       #.....       99%         3    ####...
 Gell's Gravitas          Tloc           #.........   99%         3    ####...
 Mephitic Cloud           Conj/Pois/Air  #.......     99%         3    ####...
 Tukima's Dance           Hex            #.......     99%         3    ####...
 Cause Fear               Hex            #.........   100%        4    #####..
 Ice Form                 Ice/Tmut       #.......     100%        4    #####..
 Olgreb's Toxic Radiance  Pois           #.......     100%        4    #####..
 Petrify                  Tmut/Erth      #.......     100%        4    #####..
 Summon Ice Beast         Ice/Summ       #.......     100%        4    #####..
 Aura of Abjuration       Summ           #.........   100%        5    ######.
 Lee's Rapid Deconstruct  Erth           #.........   100%        5    ######.
 Metabolic Englaciation   Hex/Ice        #.........   100%        5    ######.
 Silence                  Hex/Air        #.........   100%        5    ######.
 Summon Mana Viper        Hex/Summ       #.......     100%        5    ######.
 Venom Bolt               Conj/Pois      #.........   100%        5    ######.
 Yara's Violent Unravell  Hex/Tmut       #.........   100%        5    ######.
 Bolt of Cold             Conj/Ice       #.........   100%        6    #######
 Deflect Missiles         Chrm/Air       #.........   100%        6    #######
 Freezing Cloud           Conj/Ice/Air   #.........   100%        6    #######
 Ozocubu's Refrigeration  Ice            #.........   100%        6    #######
 Simulacrum               Ice/Necr       #.........   100%        6    #######
 Summon Hydra             Summ           #.........   100%        7    #######
 Discord                  Hex            #.........   100%        8    #######
 Dragon's Call            Summ           #.........   100%        9    #######


Dungeon Overview and Level Annotations

Branches:
Dungeon (12/15)            Temple (1/1) D:4            Lair (0/6) D:11
    Orc (0/2) D:10

Altars:
Ashenzari
Cheibriados
Dithmenos
Elyvilon
Fedhas
Gozag
Hepliaklqana
Kikubaaqudgha
Makhleb
Nemelex Xobeh
Okawaru
Qazlal
Ru
Sif Muna
Trog
Uskayaw
Vehumet
Wu Jian
Xom
Yredelemnul
Zin
The Shining One

Shops:
D:4 %   D:6 [   D:8 *

Portals:
Trove: D:10 (show slimy rune of Zot)

Annotations:
D:12 Rupert


Innate Abilities, Weirdness & Mutations

You reflexively headbutt those who attack you in melee.
You have a pair of horns on your head.


Message History

You barely miss something. You headbutt something. Something hits you!!
You hit something but do no damage. Your headbutt misses something.
Something hits you but does no damage.
You hit something. You burn something. You headbutt something.
Something hits you!
You slash something! You burn something! You headbutt something.
Something hits you!
You hit something. You burn something. You headbutt something.
You block something's attack.
You closely miss something. You headbutt something!
Something hits you but does no damage.
You closely miss something. Your headbutt misses something. Something hits you!
You hit something. You burn something. You headbutt something.
Something hits you!
You miss something. You headbutt something. Something hits you!
* * * LOW HITPOINT WARNING * * *
You barely miss something. Something hits you!
* * * LOW HITPOINT WARNING * * *
You feel better. Something hits you!!
You die...

####+#
#.{..# #@#
######'#####
#..........#
#........(<#
#.....))(..#
#.....)()..#
#..........#
#..........+
#..........#


There were no monsters in sight!

Vanquished Creatures
  Gastronok (D:8)
  A frost giant (D:11)
  A catoblepas (D:11)
  A centaur warrior (D:11)
  Erica (D:9)
  A two-headed ogre (D:9)
  Joseph (D:9)
  Psyche (D:11)
  A yaktaur (D:11)
  A troll (D:10)
  2 hippogriffs
  A slime creature (D:11)
  10 yaks
  2 hungry ghosts
  2 two-headed ogre zombies (D:10)
  A water moccasin (D:10)
  Duvessa (D:4)
  2 phantoms
  3 sky beasts
  4 orc warriors
  7 ogres
  A black bear (D:10)
  A boggart (D:11)
  3 centaurs
  Blork the orc (D:6)
  A big kobold (Sewer)
  8 bullfrogs
  5 scorpions
  Dowan (D:4)
  2 troll zombies (D:10)
  9 wights (D:6)
  18 killer bees
  3 howler monkeys
  7 crimson imps
  A quasit (D:6)
  11 orc wizards
  11 orc priests
  2 bullfrog skeletons
  2 hounds
  6 worker ants
  4 iguanas
  4 ogre zombies (D:10)
  A hound zombie (D:7)
  2 worker ant zombies
  7 gnolls
  18 adders
  3 river rats (Sewer)
  3 shadow imps
  An adder skeleton (D:9)
  4 worms
  A dart slug (D:3)
  4 leopard geckos
  56 orcs
  5 giant cockroaches
  3 goblins
  5 hobgoblins
  20 jackals
  4 ball pythons
  8 bats
  3 frilled lizards
  2 goblin skeletons (D:10)
  A goblin zombie (D:10)
  2 hobgoblin skeletons (D:10)
  A hobgoblin zombie (D:10)
  2 jackal zombies
  15 kobolds
  2 leopard gecko skeletons (D:4)
  19 orc zombies (D:10)
  9 rats
347 creatures vanquished.

Vanquished Creatures (others)
  A hippogriff (D:11)
1 creature vanquished.

Grand Total: 348 creatures vanquished

Notes
Turn   | Place    | Note
-------+----------+-------------------------------------------
     0 | D:1      | empire the Minotaur Fighter began the quest for the Orb.
     0 | D:1      | Reached XP level 1. HP: 19/19 MP: 0/0
   172 | D:1      | Reached XP level 2. HP: 25/27 MP: 1/1
   262 | D:1      | Reached skill level 3 in Long Blades
   976 | D:2      | Reached skill level 1 in Polearms
   976 | D:2      | Reached XP level 3. HP: 30/33 MP: 2/2
  1416 | D:2      | You fall through a shaft!
  1493 | D:3      | Reached XP level 4. HP: 33/40 MP: 3/3
  1732 | D:3      | Found a shimmering altar of Xom.
  2073 | D:3      | Reached XP level 5. HP: 46/47 MP: 4/4
  2422 | D:3      | Reached XP level 6. HP: 44/55 MP: 5/5
  2645 | D:4      | Found Lice's Food Shop.
  2665 | D:4      | Reached skill level 5 in Armour
  2673 | D:4      | Reached skill level 5 in Shields
  2678 | D:4      | Reached skill level 5 in Fighting
  2721 | D:4      | Noticed Duvessa
  2725 | D:4      | Noticed Dowan
  2737 | D:4      | Killed Dowan
  2737 | D:4      | Reached skill level 1 in Dodging
  2742 | D:4      | Killed Duvessa
  2742 | D:4      | Reached skill level 5 in Polearms
  2742 | D:4      | Reached XP level 7. HP: 34/61 MP: 6/6
  2809 | D:4      | Found a glowing drain.
  2819 | Sewer    | Entered a sewer
  3068 | Sewer    | Found a white marble altar of Elyvilon.
  3321 | D:4      | Found a staircase to the Ecumenical Temple.
  3362 | Temple   | Entered the Ecumenical Temple
  3943 | D:5      | Entered Level 5 of the Dungeon
  4009 | D:5      | Reached XP level 8. HP: 45/70 MP: 7/7
  4684 | D:6      | Noticed Blork the orc
  4693 | D:6      | Killed Blork the orc
  5187 | D:6      | Found an iron altar of Okawaru.
  5487 | D:6      | Reached XP level 9. HP: 40/78 MP: 8/8
  5813 | D:6      | Found a bloodstained altar of Trog.
  5818 | D:6      | Found Taydur's Armour Emporium.
  6507 | D:7      | Found a shattered altar of Ashenzari.
  6558 | D:7      | HP: 3/79 [orc warrior/flail of protection (11)]
  6562 | D:7      | Reached skill level 4 in Long Blades
  6819 | D:7      | You fall through a shaft for 2 floors!
  6820 | D:9      | Noticed Joseph
  6839 | D:9      | Killed Joseph
  6839 | D:9      | Reached skill level 5 in Long Blades
  6860 | D:9      | Reached skill level 5 in Dodging
  7077 | D:8      | Noticed Gastronok
  7105 | D:8      | Killed Gastronok
  7105 | D:8      | Reached skill level 7 in Long Blades
  7105 | D:8      | Reached XP level 10. HP: 50/88 MP: 9/9
  7325 | D:8      | Found a shattered altar of Ashenzari.
  7494 | D:8      | Found Qexkeviu's Assorted Antiques.
  7507 | D:8      | Bought a scroll of teleportation for 78 gold pieces
  7507 | D:8      | Bought a fuming clear potion for 23 gold pieces
  7507 | D:8      | Bought a papyrus book for 390 gold pieces
  7933 | D:9      | Noticed Erica
  7952 | D:9      | Noticed a two-headed ogre
  7975 | D:9      | Killed a two-headed ogre
  7975 | D:9      | Reached skill level 8 in Long Blades
  7982 | D:9      | Killed Erica
  8275 | D:9      | Found a snail-covered altar of Cheibriados.
  8277 | D:9      | Found a glowing golden altar of the Shining One.
  8277 | D:9      | Found a hazy altar of Hepliaklqana.
  8278 | D:9      | Found a sacrificial altar of Ru.
  8306 | D:9      | Became a worshipper of Cheibriados the Contemplative
  8451 | D:9      | Reached skill level 9 in Long Blades
  8600 | D:9      | Reached * piety under Cheibriados
  8603 | D:9      | Reached XP level 11. HP: 97/97 MP: 10/10
  8800 | D:10     | Entered Level 10 of the Dungeon
  8872 | D:10     | Found a staircase to the Orcish Mines.
  8917 | D:10     | Reached ** piety under Cheibriados
  9399 | D:11     | Noticed Psyche
  9408 | D:11     | Killed Psyche
  9497 | D:10     | Reached *** piety under Cheibriados
  9654 | D:10     | Found a portal to a secret trove of treasure.
  9960 | D:11     | Reached skill level 10 in Long Blades
 10479 | D:11     | Found a staircase to the Lair.
 10529 | D:11     | Noticed a centaur warrior
 10536 | D:11     | Killed a centaur warrior
 10536 | D:11     | Reached **** piety under Cheibriados
 10536 | D:11     | Reached skill level 10 in Armour
 10829 | D:11     | Found a runed door.
 10955 | D:11     | Noticed a frost giant
 10955 | D:11     | Noticed a catoblepas
 10956 | D:11     | Found the brooch of Shielding {Reflect SH+8}
 10959 | D:11     | Reached skill level 10 in Shields
 10983 | D:11     | Killed a catoblepas
 10983 | D:11     | Reached skill level 10 in Fighting
 10990 | D:11     | Killed a frost giant
 10990 | D:11     | Reached skill level 11 in Long Blades
 11006 | D:11     | Got a bound steel amulet
 11016 | D:11     | Identified Forr's Collected Works on Ashen Calling
 11020 | D:11     | Got a twisted ring mail
 11097 | D:12     | Noticed Rupert
 11112 | D:12     | Slain by Rupert

Skill      XL: |  1  2  3  4  5  6  7  8  9 10 11 |
---------------+----------------------------------+-----
Long Blades    | 3 7 9 11 | 11.2
Shields        | 4 5 6 7 8 9 10 | 10.3
Fighting       | 4 5 6 8 9 10 | 10.2
Polearms       | 1 2 3 5 6 8 |  8.2
Armour         | 4 5 6 8 9 10 | 10.4
Dodging        | 1 2 4 5 6 8 |  8.2

Action                   |  1- 3 |  4- 6 |  7- 9 | 10-12 || total
-------------------------+-------+-------+-------+-------++-------
Melee: Long sword        |   111 |    92 |       |       ||   203
       Headbutt          |    11 |    21 |    77 |   142 ||   251
       Spear             |     1 |    49 |   447 |   264 ||   761
       Scimitar          |       |       |       |   242 ||   242
  Use: Scroll            |       |     5 |     7 |     5 ||    17
       Potion            |       |     1 |    10 |     4 ||    15
 Stab: Petrified         |       |       |       |     1 ||     1
  Eat: Chunk             |     2 |     4 |    11 |    13 ||    30
       Ration            |       |       |     1 |       ||     1
Armor: Scale mail        |    59 |    76 |   123 |       ||   258
       Skin              |       |       |    11 |       ||    11
       Chain mail        |       |       |    38 |   208 ||   246
Dodge: Dodged            |    43 |    54 |   131 |   188 ||   416
Block: Shield            |    84 |    76 |   266 |   307 ||   733
       Rpst.: Long sword |    15 |    10 |       |       ||    25
       Scimitar          |       |       |       |    17 ||    17
